 Dungeon Crawl Stone Soup version 0.30-a0-782-ge64f9170bb (webtiles) character file.

Game seed: 11729420160042205849

314 Lobster4 the Firebug (level 6, -1/50 HPs)
             Began as a Hill Orc Fire Elementalist on Feb 18, 2023.
             Slain by an ogre
             ... wielding a +0 giant club
              (30 damage)
             ... on level 4 of the Dungeon.
             The game lasted 00:09:18 (3374 turns).

Lobster4 the Firebug (Hill Orc Fire Elementalist)   Turns: 3374, Time: 00:09:18

Health: -1/50      AC:  4    Str: 13    XL:     6   Next: 43%
Magic:  1/9        EV: 12    Int: 21    God:
Gold:   127        SH:  0    Dex: 11    Spells: 6/9 levels left

rFire   . . .      SeeInvis .    d - staff of poison
rCold   . . .      Faith    .    (no shield)
rNeg    . . .      Spirit   .    a - +0 robe
rPois   +          Reflect  .    y - +0 helmet
rElec   .          Harm     .    (no cloak)
rCorr   .          Rampage  .    (no gloves)
Will    .....                    k - +0 pair of boots
Stlth   ++                       (no amulet)
HPRegen 0.28/turn                n - +6 ring of intelligence
MPRegen 0.11/turn                (no ring)

@: no status effects
A: no striking features
a: no special abilities


You were on level 4 of the Dungeon.
You visited 1 branch of the dungeon, and saw 6 of its levels.

You collected 127 gold pieces.

Inventory:

Hand Weapons
 j - a +1 mace
 l - a +0 dagger of venom
 o - a +0 rapier
 x - a +0 sling
 z - a +1 trident of flaming
Missiles
 i - 4 poisoned darts
Armour
 a - a +0 robe (worn)
 f - a +0 ring mail
 k - a +0 pair of boots (worn)
 y - a +0 helmet (worn)
 A - a +0 kite shield
Magical Staves
 d - a staff of poison (weapon)
Jewellery
 n - a +6 ring of intelligence (left hand)
Scrolls
 r - a scroll of amnesia {unknown}
 t - a scroll of poison {unknown}
 u - a scroll of vulnerability {unknown}
 v - a scroll of silence {unknown}
 w - a scroll of blinking {unknown}
Potions
 b - a potion of magic
 c - a potion of curing
 e - 2 potions of heal wounds
 m - a potion of brilliance {unknown}
 p - a potion of lignification
 q - 3 potions of haste
 s - a potion of might


   Skills:
 + Level 2.7 Fighting
 - Level 0.4(1.0) Polearms
 - Level 1.0 Staves
 + Level 2.4 Armour
 + Level 2.5 Dodging
 - Level 1.5 Stealth
 + Level 2.3 Spellcasting
 + Level 2.5 Conjurations
 + Level 4.1 Fire Magic


You had 6 spell levels left.
You knew the following spells:

 Your Spells              Type           Power      Damage    Failure   Level
a - Foxfire               Conj/Fire      64%        2x1d7     3%          1
b - Scorch                Fire           40%        2d7       3%          2

Your spell library contained the following spells:

 Spells                   Type           Power      Damage    Failure   Level
 Inner Flame              Hex/Fire       11%        N/A       19%         3
 Kindle Blastsparks       Fire/Tloc/Air  16%        2d11      24%         3
 Flame Wave               Conj/Fire      16%        2d7       34%         4


Dungeon Overview and Level Annotations

Branches:
Dungeon (6/15)
 Temple: D:4-7

Altars:

Shops:
D:3 *!

Annotations:
D:4 Edmund


Message History

Edmund attacks as you move away! Edmund barely misses you.
Edmund attacks as you move away! Edmund closely misses you.
Your surroundings suddenly seem different.
An ogre and a white imp come into view.
Found 25 gold pieces and a potion of haste.
The ogre shouts!
The white imp shouts!
The white imp gestures at you. The puff of frost hits you!
Casting: Foxfire (safe; 3% risk of failure)
Confirm with . or Enter, or press ? or * to list all spells.
You conjure some foxfire!
Unknown command.
Casting: Foxfire (safe; 3% risk of failure)
Confirm with . or Enter, or press ? or * to list all spells.
You conjure some foxfire!
The foxfire hits the ogre but does no damage.
The foxfire hits the ogre.
The ogre is lightly wounded.
Unknown command.
Casting: Foxfire (safe; 3% risk of failure)
Confirm with . or Enter, or press ? or * to list all spells.
You don't have enough magic to cast this spell.
You hit the ogre.
The ogre is moderately wounded.
The foxfire hits the ogre.
The ogre is moderately wounded.
The foxfire hits the ogre but does no damage.
The ogre is moderately wounded.
The ogre barely misses you.
Casting: Foxfire (safe; 3% risk of failure)
Confirm with . or Enter, or press ? or * to list all spells.
You don't have enough magic to cast this spell.
You hit the ogre.
The ogre is heavily wounded.
The white imp barely misses you.
You hit the ogre.
The ogre is severely wounded.
The ogre hits you with a +0 giant club!!
Ouch! That really hurt!
You die...

********** ########,,,,,,,,*
#......#,,,,,,,,* *******
#!.....#,,,,,,,,* ,,,,,,********
#....$.#,,,,,,,,* ,,>,,,*,,,,,,*
#@O....#,,,,,,,,* ,,,,..#?.....#
#.5....#,,,,,,,,* ,,,,K.#......#
#......#,,***,***
,,,,,.....)..###......#,****,,**
..,,,,#..>....,.....$...,,,,,,,*
.*****#.K....#####.#.###*,****,**
.* #........***...#*,,,,,**,,* .*
#......#,,,,...#,,,,,,,*,,, #*
#......#****,*,*,,,,,,,*,**


You could see an ogre and a white imp.

Vanquished Creatures
  A phantom (D:4)
  Jessica (D:2)
  Natasha (thrice) (D:2)
  Robin (D:2)
  4 adders
  3 worms (D:2)
  A dart slug (D:2)
  8 bats
  4 endoplasms
  4 giant cockroaches
  15 goblins
  11 hobgoblins
  7 jackals (D:1)
  3 kobolds
  5 ball pythons
  4 frilled lizards
  A rat (D:2)
76 creatures vanquished.

Vanquished Creatures (others)
  215 foxfires
  2 fungi (D:1)
  2 plants (D:1)
219 creatures vanquished.

Grand Total: 295 creatures vanquished

Notes
Turn   | Place    | Note
-------+----------+-------------------------------------------
     0 | D:1      | Lobster4 the Hill Orc Fire Elementalist began the quest for
                  | the Orb.
     0 | D:1      | Reached XP level 1. HP: 14/14 MP: 3/3
   202 | D:1      | Reached XP level 2. HP: 21/22 MP: 1/4
   327 | D:1      | Learned a level 2 spell: Scorch
   521 | D:1      | Found a faded altar of an unknown god.
   688 | D:1      | Reached skill level 1 in Armour
   754 | D:1      | Reached skill level 1 in Fighting
   754 | D:1      | Reached XP level 3. HP: 28/28 MP: 3/5
  1106 | D:2      | Noticed Natasha
  1166 | D:2      | Killed Natasha
  1167 | D:2      | Reached XP level 4. HP: 35/35 MP: 2/6
  1404 | D:2      | Noticed Natasha
  1410 | D:2      | Killed Natasha
  1411 | D:2      | Reached skill level 1 in Staves
  1637 | D:2      | Reached XP level 5. HP: 41/41 MP: 5/8
  1840 | D:2      | Noticed Robin
  1891 | D:2      | Killed Robin
  2269 | D:2      | Noticed Jessica
  2272 | D:2      | Killed Jessica
  2620 | D:2      | Noticed Natasha
  2641 | D:2      | Killed Natasha
  2642 | D:2      | Reached skill level 4 in Fire Magic
  3077 | D:3      | Reached XP level 6. HP: 50/50 MP: 5/9
  3196 | D:3      | Found Xeokh's Assorted Antiques.
  3212 | D:3      | Found Fiasei's Distillery.
  3268 | D:3      | You fall into a shaft and drop 3 floors!
  3284 | D:5      | Entered Level 5 of the Dungeon
  3345 | D:4      | Noticed Edmund
  3374 | D:4      | Slain by an ogre

Illustrated notes

Levels and vault maps discovered:
D:1:      heliophobic_arrival_battle_scene, layout_loops_ring,
          shapermc_ecumenical_altar_rom_forum, minmay_split_cup_small
D:2:      layout_basic, uniq_robin, uniq_natasha, uniq_jessica
D:3:      layout_basic, serial_shops, nicolae_shop_hallway_stairs,
          nicolae_shop_trees, nicolae_shop_advertising_works
          [nicolae_subvault_shop_adworks], shop, serial_curves, eino_curves_01,
          eino_curves_01, eino_tiny_chamber
D:4:      layout_rooms, old_standard_altar, kennysheep_slug_shrine,
          kennysheep_cluttered_room, minmay_close_crescents, uniq_edmund,
          uniq_eustachio, uniq_duvessa
D:5:      layout_basic, minmay_temple_entry_glass, serial_shops,
          nicolae_shop_waterfront
D:6:      layout_rooms, mainiacjoe_overflow_six_doors_small,
          nicolae_qazlal_style_of_elements

Skill      XL: |  1  2  3  4  5 |
---------------+----------------+-----
Armour         | 1 2 |  2.4
Fighting       | 1 2 |  2.7
Dodging        | 2 |  2.5
Staves         | 1 |  1.0
Spellcasting   | 2 |  2.3
Conjurations   | 2 |  2.5
Fire Magic     | 4 |  4.1
Polearms       | |  0.4
Stealth        | |  1.5

Action                     |  1- 3 |  4- 6 || total
---------------------------+-------+-------++-------
  Melee: Staff             |     6 |     6 ||    12
   Cast: Foxfire           |    48 |    89 ||   137
         Scorch            |       |    13 ||    13
    Use: Scroll            |     2 |     6 ||     8
 Armour: Robe              |     6 |     6 ||    12
  Dodge: Dodged            |    21 |    13 ||    34

Table legend: (Time is in decaauts)
 A = Elapsed time spent in this place.
 B = Non-inter-level travel time spent in this place.
 C = Inter-level travel time spent in this place.
 D = Time resting spent in this place.
 E = Time spent auto-exploring this place.
 F = Levels seen in this place.
 G = Mean time per level.
                   A        B        C        D        E       F      G
               +--------+--------+--------+--------+--------+-----+--------+
         Total |   3374 |   3342 |     32 |    178 |   2502 |   6 |  562.3 |
       Dungeon |   3374 |   3342 |     32 |    178 |   2502 |   6 |  562.3 |
               +--------+--------+--------+--------+--------+-----+--------+

Top non-repeatable levels by time:
     D:2: 1918 daAuts
     D:1: 1156 daAuts
     D:3: 193 daAuts
     D:4: 86 daAuts
     D:6: 15 daAuts
     D:5: 3 daAuts
